Match 46693149
Unlisted

Match 46693149
End
Construct Infanterie Kompanie
Grenadier Squad
MG 42 Machine Gun Team
Grenadier Squad
Grenadier Squad
Construct Panzergrenadier Kompanie
251 Medium Carrier
Pak 40 Anti-tank Gun Team
Selects Breakthrough Battlegroup
Selects Breakthrough Battlegroup
Selects Assault Grenadiers
Pioneer Squad
Infanterie Officer Quarters
Grenadier Squad
Selects Smoke Bombing Run
Selects Mechanized Assault Group
Kettenkrad Recon Vehicle
Pak 40 Anti-tank Gun Team
Mechanized Assault Group
Construct Panzer Kompanie
Selects Rapid Production
Pioneer Squad
Bartolomaeus Bart
[PD] Ducktus
[PD] [9C] [FT] Claudius Tacitus
Nico-Nico-Nii~~
Jm200092
Hentai Santa
Knightz
Tharrats
0
0

Comments sign in to comment!

No comments posted yet!